 Dungeon Crawl Stone Soup version 0.22.1-1-ga44c0e56f4 (webtiles) character file.

3499 Gargoyl the Covered (level 9, 0/74 HPs)
             Began as a Centaur Abyssal Knight on Oct 22, 2018.
             Was an Elder of Lugonu.
             Slain by Gastronok (25 damage)
             ... on level 7 of the Dungeon.
             The game lasted 00:14:39 (8004 turns).

Gargoyl the Covered (Centaur Abyssal Knight)        Turns: 8004, Time: 00:14:40

Health: 0/74       AC: 15    Str: 18    XL:     9   Next: 80%
Magic:  13/13      EV:  1    Int: 12    God:    Lugonu [****..]
Gold:   397        SH: 13    Dex: 11    Spells: 8/8 levels left

rFire    . . .     SeeInvis +   a - +2 hand axe (flame)
rCold    . . .     Gourm    .   y - +0 large shield
rNeg     . . .     Faith    .   k - +0 plate armour
rPois    .         Spirit   .   o - +2 hat
rElec    .         Reflect  .   r - +0 cloak
rCorr    .         Harm     .   (no gloves)
MR       .....                  (no barding)
Stlth    ..........             z - amulet of regeneration
HPRegen  0.62/turn              B - ring of the Octopus King {AC+1 EV+1 Str+1 Int+1 Dex+1 Stlth+}
MPRegen  0.13/turn              i - ring of see invisible

@: very quick
A: large, hooves 3, deformed body, speed 2, tough skin 3
a: Depart the Abyss, Bend Space, Banish, Corrupt, Renounce Religion


You were on level 7 of the Dungeon.
You worshipped Lugonu.
Lugonu was greatly pleased with you.
You were not hungry.

You visited 1 branch of the dungeon, and saw 8 of its levels.
You visited the Abyss 1 time.

You collected 397 gold pieces.

Inventory:

Hand Weapons
 a - a +2 hand axe of flaming (weapon)
 q - a +0 war axe
Missiles
 s - 7 javelins of penetration (quivered)
Armour
 k - a +0 plate armour (worn)
 o - a +2 hat (worn)
 r - a +0 cloak (worn)
 t - a scarf of cloud immunity
 y - a +0 large shield (worn)
Jewellery
 i - a ring of see invisible (right hand)
 z - an amulet of regeneration (around neck)
 B - a ring of the Octopus King (left hand) {AC+1 EV+1 Str+1 Int+1 Dex+1 Stlth+}
   (You found it on level 5 of the Dungeon)

   [ring of stealth]

   It affects your AC (+1).
   It affects your evasion (+1).
   It affects your strength (+1).
   It affects your intelligence (+1).
   It affects your dexterity (+1).
   It makes you more stealthy.
Wands
 u - a wand of flame (21)
 C - a wand of enslavement (13)
Scrolls
 e - 7 scrolls of identify
 g - a scroll of immolation {unknown}
 j - a scroll of teleportation
 w - a scroll of remove curse
Potions
 b - a potion of flight
 d - 8 potions of curing
 f - a potion of brilliance
 h - 2 potions of agility
 l - a potion of haste
 m - a potion of invisibility
 n - a potion of heal wounds
 p - 2 potions of resistance
 v - a potion of magic {unknown}
 x - a potion of berserk rage
 A - a potion of lignification {unknown}
Comestibles
 c - 12 rations


   Skills:
 + Level 5.0 Fighting
 + Level 6.1 Axes
 + Level 0.2 Throwing
 * Level 7.0 Armour
 + Level 1.3 Dodging
 + Level 3.6 Shields
 * Level 6.4 Invocations


You had 8 spell levels left.
You didn't know any spells.
Your spell library was empty.

Dungeon Overview and Level Annotations

Branches:
Dungeon (8/15)             Temple (0/1) D:5
   Lair: D:8-11

Altars:
Ashenzari
Elyvilon
Fedhas
Kikubaaqudgha
Okawaru
Ru
Wu Jian
Xom

Shops:
D:5 =(:

Annotations:
D:7 Gastronok
D:8 Psyche


Innate Abilities, Weirdness & Mutations

You have hooves in place of feet.
Armour fits poorly on your strangely shaped body.
You cover ground very quickly.
You have extremely tough skin. (AC +3)


Message History

You kill the rat!
The rat's corpse disappears in a puff of smoke!
Gastronok bites you.
Unknown command.
You hit Gastronok. You burn Gastronok. You kick Gastronok.
Gastronok is severely wounded.
You closely miss the quokka. You block the quokka's attack.
The quokka bites you but does no damage.
Unknown command.
You hit Gastronok but do no damage.
Gastronok is severely wounded.
Your shield and plate armour prevent you from hitting the quokka.
The quokka bites you but does no damage.
Gastronok bites you!!
Unknown command.
You hit Gastronok. You burn Gastronok.
Gastronok is severely wounded.
You hit the quokka. You burn the quokka. You block the quokka's attack.
Gastronok bites you!!
You die...

## #.# #.#.## #.#.# #.#
#.#.# #.#.# #.# ##.#.#
#.#)# #.#
#....#####.#.##########
#.#
#..####....#.##........
#.# #..#
#.<...#.##.####### #.#
#..# #..##.#.##.#######
#.# #..#
#..##............# #.#
#..# #@.####.##.#####.#
#.####..###wr####.##.#
#.#
#.(...............##.#
#.#
######...##..#.#####.#
#.# ###.##..#.#####.#
#.# #.##.##.......#
###.# #.##.##########
#.... #.##.#
#########..##
#.##.####<.).......#


You could see Gastronok and a quokka.

Vanquished Creatures
  Pikel (D:4)
  Joseph (D:6)
  Prince Ribbit (D:6)
  2 hippogriffs (D:7)
  Eustachio (D:5)
  An ice beast (D:6)
  An orc warrior (D:6)
  2 phantoms (D:5)
  A sky beast (D:7)
  4 ogres
  2 centaurs
  2 big kobolds (D:7)
  A bullfrog (D:7)
  A water moccasin skeleton (D:2)
  A killer bee (D:7)
  A howler monkey (D:7)
  2 crimson imps
  4 hounds
  2 orc priests (D:3)
  A bullfrog zombie (D:5)
  A centaur skeleton (D:8)
  A jelly (D:6)
  3 iguanas
  2 orc wizards
  3 worker ants
  A hound zombie (D:7)
  2 hound skeletons
  3 gnolls (D:4)
  5 adders
  A shadow imp (D:5)
  An ooze (D:1)
  An adder zombie (D:5)
  A worm (D:4)
  4 dart slugs
  21 orcs
  11 bats
  5 giant cockroaches
  4 goblins
  4 hobgoblins
  2 jackals (D:8)
  3 quokkas
  3 ball pythons
  3 frilled lizards
  A jackal zombie (D:8)
  15 kobolds
  A leopard gecko skeleton (D:5)
  A leopard gecko zombie (D:8)
  2 quokka zombies
  4 rats
  A plant (D:3)
142 creatures vanquished.

Vanquished Creatures (others)
  3 orcs (D:5)
3 creatures vanquished.

Grand Total: 145 creatures vanquished

Notes
Turn   | Place    | Note
-------+----------+-------------------------------------------
     0 | Abyss:1  | Gargoyl the Centaur Abyssal Knight began the quest for the
                  | Orb.
     0 | Abyss:1  | Reached XP level 1. HP: 19/19 MP: 2/2
    98 | Abyss:1  | Found a corrupted altar of Lugonu.
   107 | Abyss:1  | Noticed a spatial vortex
   108 | Abyss:2  | Found a corrupted altar of Lugonu.
   142 | Abyss:2  | Noticed a large abomination
   145 | D:1      | Escaped the Abyss
   278 | D:1      | Reached * piety under Lugonu
   407 | D:1      | Reached XP level 2. HP: 26/26 MP: 3/3
   618 | D:1      | Reached XP level 3. HP: 30/31 MP: 4/4
  1338 | D:2      | Reached ** piety under Lugonu
  1542 | D:2      | Reached skill level 2 in Armour
  1542 | D:2      | Reached skill level 1 in Dodging
  1542 | D:2      | Reached XP level 4. HP: 24/38 MP: 5/5
  1934 | D:3      | Reached XP level 5. HP: 43/45 MP: 7/7
  2130 | D:3      | Found a shimmering altar of Xom.
  2292 | D:3      | Found a sacrificial altar of Ru.
  2292 | D:3      | Found a white marble altar of Elyvilon.
  2293 | D:3      | Found an ancient bone altar of Kikubaaqudgha.
  3016 | D:4      | Noticed an ogre
  3214 | D:3      | Killed an ogre
  3214 | D:3      | Reached XP level 6. HP: 20/52 MP: 8/8
  3551 | D:4      | Reached skill level 3 in Armour
  3716 | D:4      | Found an ornate altar of the Wu Jian Council.
  4199 | D:5      | Entered Level 5 of the Dungeon
  4210 | D:5      | Noticed a slave
  4211 | D:5      | Noticed Pikel
  4211 | D:5      | Noticed a slave
  4212 | D:5      | Noticed a slave
  4212 | D:5      | Noticed a slave
  4255 | D:4      | Killed Pikel
  4255 | D:4      | Reached skill level 4 in Armour
  4255 | D:4      | Reached XP level 7. HP: 59/59 MP: 8/10
  4381 | D:5      | Found Umemob's Book Emporium.
  4409 | D:5      | Found Otodwuri's Antique Weapon Shop.
  4409 | D:5      | Noticed Eustachio
  4732 | D:5      | Found a staircase to the Ecumenical Temple.
  4803 | D:5      | Reached XP level 8. HP: 47/66 MP: 11/11
  4810 | D:5      | Found Yfooc's Jewellery Emporium.
  4811 | D:5      | Noticed Prince Ribbit
  5060 | D:5      | Killed Eustachio
  5060 | D:5      | Reached skill level 5 in Armour
  5060 | D:5      | Reached skill level 1 in Shields
  5218 | D:5      | Found a shattered altar of Ashenzari.
  5248 | D:5      | Found the ring of the Octopus King
  5276 | D:5      | Got a ring of the Octopus King
  5277 | D:5      | Found an iron altar of Okawaru.
  5286 | D:5      | Identified a ring of the Octopus King {AC+1 EV+1 Str+1
                  | Int+1 Dex+1 Stlth+} (You found it on level 5 of the
                  | Dungeon)
  5333 | D:5      | Reached *** piety under Lugonu
  5414 | D:5      | Found a blossoming altar of Fedhas.
  5539 | D:5      | Reached skill level 5 in Invocations
  5858 | D:6      | Killed Prince Ribbit
  6633 | D:7      | Reached XP level 9. HP: 66/72 MP: 13/13
  6736 | D:7      | Reached skill level 5 in Axes
  6736 | D:7      | Reached skill level 6 in Armour
  6950 | D:7      | Reached **** piety under Lugonu
  7298 | D:7      | Noticed Joseph
  7368 | D:6      | Killed Joseph
  7368 | D:6      | Reached skill level 5 in Fighting
  7814 | D:8      | Noticed Gastronok
  7833 | D:8      | Reached skill level 7 in Armour
  7968 | D:8      | Noticed Psyche
  8004 | D:7      | Slain by Gastronok

Skill      XL: |  1  2  3  4  5  6  7  8  9 |
---------------+----------------------------+-----
Axes           | 2 3 4 6 |  6.1
Armour         | 2 4 5 7 |  7.0
Dodging        | 1 |  1.3
Invocations    | 3 4 5 6 |  6.4
Fighting       | 4 5 |  5.0
Shields        | 2 3 |  3.6
Throwing       | |  0.2

Action                   |  1- 3 |  4- 6 |  7- 9 || total
-------------------------+-------+-------+-------++-------
Melee: Hand axe          |    81 |   146 |   399 ||   626
       Kick              |    13 |    33 |   105 ||   151
Throw: Javelin           |       |       |     3 ||     3
Invok: Depart the Abyss  |     1 |       |       ||     1
       Bend Space        |       |       |     1 ||     1
  Use: Scroll            |     6 |     2 |    10 ||    18
       Potion            |       |     2 |     4 ||     6
 Stab: Invisible         |       |       |     3 ||     3
  Eat: Chunk             |       |     8 |     8 ||    16
       Ration            |       |       |     1 ||     1
Armor: Ring mail         |    66 |    10 |       ||    76
       Plate armour      |       |    68 |   278 ||   346
Dodge: Dodged            |    58 |    32 |    14 ||   104
Block: Large shield      |       |    20 |   271 ||   291
